 Dungeon Crawl Stone Soup version 0.30-a0-1164-ge08a67761e (webtiles) character file.

Game seed: 7080250297239438253

191 Orangeyouglad the Ducker (level 6, 0/48 HPs)
             Began as a Human Monk on Apr 30, 2023.
             Slain by a kobold
             ... wielding a +0 dagger
              (1 damage)
             ... in a sewer.
             The game lasted 00:05:45 (2313 turns).

Orangeyouglad the Ducker (Human Monk)               Turns: 2313, Time: 00:05:46

Health: 0/48       AC:  6    Str: 12      XL:     6   Next: 2%
Magic:  6/6        EV: 12    Int: 18      God:
Gold:   134        SH:  0    Dex: 17 (18) Spells: 5/5 levels left

rFire   . . .        a - +0 falchion
rCold   + . .        d - orb {light}
rNeg    + . .        l - +1 ring mail of Inoogyfo {rN+ Dex+3}
rPois   .            (no helmet)
rElec   .            (no cloak)
rCorr   .            (no gloves)
SInv    .            (no boots)
Will    .....        h - amulet of the acrobat
Stlth   +            c - ring of Equivalence {rC+ Int+6}
HPRegen 0.28/turn    (no ring)
MPRegen 0.10/turn

%: acrobat
@: mighty, glowing
A: no striking features
a: no special abilities


You were in a sewer.
You visited 1 branch of the dungeon, and saw 3 of its levels.
You also visited: Sewer.

You collected 134 gold pieces.

Inventory:

Hand Weapons
 a - a +0 falchion (weapon)
Armour
 b - a +1 robe
 d - an orb of light (worn)
 l - the +1 ring mail of Inoogyfo (worn) {rN+ Dex+3}
   (You found it on level 2 of the Dungeon)

   Dex:       It affects your dexterity (+3).
   rN:        It protects you from negative energy.
Jewellery
 c - the ring of Equivalence (left hand) {rC+ Int+6}
   (You found it on level 3 of the Dungeon)

   [ring of intelligence]

   Int:       It affects your intelligence (+6).
   rC:        It protects you from cold.
 h - an amulet of the acrobat (around neck)
Scrolls
 f - a scroll of teleportation {unknown}
 i - a scroll of enchant armour
 k - a scroll of amnesia {unknown}
 m - 2 scrolls of immolation {unknown}
 n - 2 scrolls of identify {unknown}
 p - 2 scrolls of silence {unknown}
Potions
 e - a potion of haste {unknown}
 g - a potion of might
 j - a potion of lignification {unknown}
 o - 2 potions of flight {unknown}
 q - a potion of resistance {unknown}


   Skills:
 + Level 4.2 Fighting
 + Level 4.2 Long Blades
 + Level 4.3 Dodging


You had 5 spell levels left.
You didn't know any spells.
Your spell library contained the following spells:

 Spells                   Type           Power      Damage    Failure   Level
 Necrotise                Necr           0%         1d4       45%         1
 Vampiric Draining        Necr           0%         2d6       83%         3
 Agony                    Necr           0%         N/A       100%        5


Dungeon Overview and Level Annotations

Branches:
Dungeon (3/15)              Sewer (1/1)

Altars:
Kikubaaqudgha

Shops:
D:2 [

Annotations:
D:3 2 runed translucent doors, sircluck's ghost, novice MiFi


Message History

The kobold is moderately wounded.
The kobold brigand hits you with a +0 whip.
* * * LOW HITPOINT WARNING * * *
The kobold closely misses you.
Okay, then.
Okay, then.
Okay, then.
You aren't carrying any items that you can evoke.
Okay, then.
You hit the kobold brigand.
The kobold brigand is severely wounded.
The kobold brigand closely misses you. The kobold closely misses you.
You closely miss the kobold brigand.
The kobold brigand is severely wounded.
The kobold brigand hits you but does no damage.
The kobold hits you with a +0 dagger.
* * * LOW HITPOINT WARNING * * *
You barely miss the kobold brigand.
The kobold brigand is severely wounded.
The kobold brigand barely misses you. The kobold hits you but does no damage.
You hit the kobold brigand but do no damage.
The kobold brigand is severely wounded.
The kobold brigand hits you but does no damage.
The kobold hits you but does no damage.
You hit the kobold brigand.
The kobold brigand is almost dead.
The kobold brigand hits you with a +0 whip.
* * * LOW HITPOINT WARNING * * *
The kobold barely misses you.
You hit the kobold brigand.
The kobold brigand is almost dead.
The kobold brigand hits you with a +0 whip.
* * * LOW HITPOINT WARNING * * *
The kobold hits you but does no damage.
It was a potion of might.
You feel very mighty all of a sudden.
The kobold brigand hits you with a +0 whip.
* * * LOW HITPOINT WARNING * * *
The kobold hits you with a +0 dagger.
You die...

≈≈≈≈≈ ≈~≈~~~~~≈##≈...≈#
################~###≈...~#
≈≈≈≈≈≈≈≈≈~.'..≈##≈...≈#
≈≈≈≈≈≈≈≈≈≈≈≈~.#.≈≈##≈..K≈#
≈≈≈≈≈≈≈≈≈≈≈~≈.#.~~##≈...~#
≈≈≈≈≈≈≈≈≈≈~≈~.#..≈##~...≈#
≈≈≈≈≈≈≈≈≈~≈...#.~≈###'''##
≈~≈~≈≈≈~≈≈~...#.~~##.....##
##≈#~≈###≈#.####@###..§...#
............≈≈#.KK#.....§.+
...........≈≈≈~...'.§._...+
............≈~#...#.....§.+
#~##≈##≈###.####.###..§...#
≈≈~≈≈~≈≈≈≈....#.~≈##.....##
≈≈≈≈≈≈≈≈≈≈≈≈..#..≈###+++##
≈≈≈≈≈≈≈≈≈≈≈≈~.#.~≈#
≈≈≈≈≈≈≈≈≈≈≈≈..#)~≈#


You could see a kobold brigand and a kobold.

Vanquished Creatures
  A quasit (Sewer)
  2 adders
  2 river rats (D:3)
  2 shadow imps (Sewer)
  A white imp (D:3)
  2 ufetubi (Sewer)
  3 worms
  A dart slug (D:1)
  An orc (D:3)
  A bat zombie (Sewer)
  5 endoplasms
  5 giant cockroaches
  A goblin (D:2)
  4 hobgoblins
  3 jackals (D:3)
  13 kobolds
  3 quokkas
  12 ball pythons
  5 bats
  4 frilled lizards
  2 kobold zombies (Sewer)
  12 rats
85 creatures vanquished.

Vanquished Creatures (others)
  An endoplasm (Sewer)
1 creature vanquished.

Grand Total: 86 creatures vanquished

Notes
Turn   | Place    | Note
-------+----------+-------------------------------------------
     0 | D:1      | Orangeyouglad the Human Monk began the quest for the Orb.
     0 | D:1      | Reached XP level 1. HP: 18/18 MP: 1/1
    35 | D:1      | Found a faded altar of an unknown god.
   262 | D:1      | Reached XP level 2. HP: 18/24 MP: 2/2
   845 | D:1      | Reached XP level 3. HP: 26/29 MP: 3/3
  1162 | D:2      | Identified the +1 ring mail of Inoogyfo {rN+ Dex+3}
  1193 | D:2      | Found an ancient bone altar of Kikubaaqudgha.
  1483 | D:2      | Found Berhushruts's Antique Armour Boutique.
  1541 | D:2      | Reached XP level 4. HP: 35/35 MP: 4/4
  1799 | D:3      | Found a runed translucent gate.
  1800 | D:3      | Found a runed translucent gate.
  1800 | D:3      | Noticed sircluck's ghost (novice MiFi)
  1826 | D:3      | Noticed a kobold brigand
  2021 | D:3      | Found a glowing drain.
  2034 | D:3      | Reached XP level 5. HP: 30/42 MP: 5/5
  2069 | D:3      | Identified the ring of Equivalence {rC+ Int+6}
  2076 | Sewer    | Entered a sewer
  2240 | Sewer    | Found a burning altar of Makhleb.
  2276 | Sewer    | Noticed a kobold brigand
  2288 | Sewer    | Reached XP level 6. HP: 45/48 MP: 6/6
  2313 | Sewer    | HP: 1/48 [kobold brigand/+0 whip (4)]
  2313 | Sewer    | Slain by a kobold

Illustrated notes

Levels and vault maps discovered:
D:1:      evilmike_arrival_home_sweet_home, layout_basic, basic_ecumenical_altar
D:2:      layout_loops_ring, serial_shops, nicolae_shop_behind_doors,
          basic_altar
D:3:      lemuel_castle_with_subvaults [lemuel_castle_interior_carwin_1],
          layout_loops_cross, portal_sewer_entry_b,
          gammafunk_ghost_nasty_kobolds
Sewer:    kennysheep_sewer_church

Skill      XL: |  1  2  3  4  5 |
---------------+----------------+-----
Dodging        | 4 |  4.3
Long Blades    | 4 |  4.2
Fighting       | 4 |  4.2

Action                     |  1- 3 |  4- 6 || total
---------------------------+-------+-------++-------
  Melee: Falchion          |    81 |   169 ||   250
    Use: Potion            |       |     2 ||     2
         Scroll            |       |     1 ||     1
 Armour: Robe              |    15 |       ||    15
         Ring mail         |    10 |    67 ||    77
  Dodge: Dodged            |    54 |   168 ||   222

Table legend: (Time is in decaauts)
 A = Elapsed time spent in this place.
 B = Non-inter-level travel time spent in this place.
 C = Inter-level travel time spent in this place.
 D = Time resting spent in this place.
 E = Time spent auto-exploring this place.
 F = Levels seen in this place.
 G = Mean time per level.
                   A        B        C        D        E       F      G
               +--------+--------+--------+--------+--------+-----+--------+
         Total |   2343 |   2311 |     32 |     11 |   1329 |   4 |  585.8 |
       Dungeon |   2096 |   2064 |     32 |      0 |   1311 |   3 |  698.7 |
         Sewer |    247 |    247 |      0 |     11 |     18 |   1 |  247.0 |
               +--------+--------+--------+--------+--------+-----+--------+

Top non-repeatable levels by time:
     D:1: 970 daAuts
     D:2: 759 daAuts
     D:3: 366 daAuts
   Sewer: 247 daAuts
